 Dungeon Sprint DCSS version 0.30.1-9-gdf580d7c3d (webtiles) character file.

Game seed: 3743481230399284997

20453 Heoruswealwe the Phalangite (level 12, -2/130 HPs)
             Began as a Minotaur Fighter on Sept 28, 2023.
             Was an Initiate of Gozag.
             Slain by a spark wasp (17 damage)
             ... in the Dungeon (Sprint IX: "|||||||||||||||||||||||||||||").
             The game lasted 00:26:00 (1971 turns).

Heoruswealwe the Phalangite (Minotaur Fighter)      Turns: 1971, Time: 00:26:02

Health: -2/130     AC: 31    Str: 35    XL:     12   Next: 45%
Magic:  11/11      EV: 11    Int:  8    God:    Gozag
Gold:   70         SH:  0    Dex: 10    Spells: 11/11 levels left

rFire   . . .        b - +8 halberd of Peace {heavy, Drain Str+6 Int+3 Stlth+}
rCold   + . .        (shield currently unavailable)
rNeg    . . .        c - +2 plate armour {rPois}
rPois   +            (helmet restricted)
rElec   .            h - +2 cloak {rCorr}
rCorr   +            f - +2 pair of gloves of the Barber Surgeon {rC+}
SInv    .            e - +1 pair of boots
Will    .....        (no amulet) Stlth
                     k - +3 ring of strength
HPRegen 0.41/turn    j - +2 ring of evasion
MPRegen 0.12/turn

%: no teleportation
@: no status effects
A: horns 2, retaliatory headbutt
a: Renounce Religion, Potion Petition, Call Merchant, Bribe Branch


You were in the Dungeon.
You worshipped Gozag.
Gozag was noncommittal.
You visited 1 branch You collected 8377 gold pieces.
You spent 3390 gold pieces at shops.
You paid 4917 gold pieces to Gozag.

Inventory:

Hand Weapons
 a - a +2 demon trident of electrocution
 b - the +8 halberd of Peace (weapon) {heavy, Drain Str+6 Int+3 Stlth+}
   (You bought it in a shop in the Dungeon)

   Str:       It affects your strength (+6).
   Int:       It affects your intelligence (+3).
   Drain:     It drains your maximum health when unequipped.
   Stlth:     It makes you more stealthy.
 u - a +0 bardiche
Armour
 c - a +2 plate armour of poison resistance (worn)
 d - a +1 tower shield
 e - a +1 pair of boots (worn)
 f - the +2 pair of gloves of the Barber Surgeon (worn) {rC+}
   (You found it in the Dungeon)

   rC:        It protects you from cold.
 h - a +2 cloak of preservation (worn)
Jewellery
 j - a +2 ring of evasion (right hand)
 k - a +3 ring of strength (left hand)
Wands
 s - a wand of flame (12)
 t - a wand of roots (10)
 x - a wand of mindburst (8)
Scrolls
 o - 4 scrolls of blinking
 r - 2 scrolls of enchant armour
 y - 4 scrolls of identify
Potions
 g - a potion of haste
 i - a potion of berserk rage
 l - 8 potions of curing
 m - a potion of heal wounds
 n - 2 potions of might
 p - a potion of mutation
 q - a potion of resistance
Miscellaneous
 v - a box of beasts
 w - a lightning rod (4/4)


   Skills:
 + Level 19.6 Fighting
 * Level 26.2 Polearms
 + Level 19.6 Armour
 - Level 3.6 Shields


You had 11 spell levels left.
You didn't know any spells.
Your spell library was empty.

Dungeon Overview and Level Annotations

Branches:
Dungeon (1/1)

Altars:
Cheibriados
Dithmenos
Elyvilon
Fedhas
Gozag
Hepliaklqana
Kikubaaqudgha
Makhleb
Nemelex Xobeh
Okawaru
Qazlal
Ru
Sif Muna
Trog
Uskayaw
Vehumet
Wu Jian
Xom
Yredelemnul
Zin
The Shining One
Jiyva
Lugonu

Shops:
D (*==(*(**


Innate Abilities, Weirdness & Mutations

You have a pair of horns on your head.
You reflexively headbutt those who attack you in melee.


Message History

The spark wasp stings you but does no damage.
The tengu warrior misses you.
There is an open door to the Dungeon, spattered with blood here.
Items here: $ ( ))) [[.
You miss the spark wasp. The spark wasp stings you! The spark wasp shocks you!
The tengu warrior hits you but does no damage.
The spark wasp stings you.
* * * LOW HITPOINT WARNING * * *
The spark wasp shocks you!
* * * LOW HITPOINT WARNING * * *
You feel much better.
The spark wasp is no longer distracted by gold.
The spark wasp barely misses you.
The tengu warrior hits you but does no damage.
The spark wasp attacks as you move away!
The spark wasp stings you but does no damage. x2
You closely miss the spark wasp. Your headbutt misses the spark wasp.
The spark wasp stings you!!
* * * LOW HITPOINT WARNING * * *
The spark wasp shocks you!
* * * LOW HITPOINT WARNING * * *
The tengu warrior hits you from afar with a +0 halberd.
* * * LOW HITPOINT WARNING * * *
Okay, then.
Blink to where?
Press: ? - help, Dir - move target
As you read the scroll of blinking, it crumbles to dust.
The spark wasp bursts into living lightning!
The living lightning hits you but does no damage.
The spark wasp blinks!
The spark wasp barely misses you.
You feel much better.
The spark wasp stings you but does no damage.
You stick the spark wasp like a pincushion!!!
Your headbutt misses the spark wasp.
The spark wasp is almost dead.
The spark wasp stings you!
* * * LOW HITPOINT WARNING * * *
The spark wasp shocks you!
You die...
Your body crumbles into a pile of gold.

▓[▓.▓)▓.▓.▓.▓_▓
▓.▓.▓)▓.▓.▓.▓_▓
▓[▓.▓.▓.▓.▓.▓_▓
▓[▓.▓)▓.▓'▓.▓_▓
▓.▓.▓)▓.▓.▓.▓_▓
▓.▓.▓)▓.▓.▓.▓_▓
▓!▓.▓)▓.▓.▓.▓_▓
▓y▓.▓)▓.▓.▓.▓_▓
▓@▓.▓)▓.▓.▓.▓_▓
▓.▓.▓.▓.▓.▓.▓_▓
▓.▓.▓.▓.▓.▓.▓_▓
▓.▓.▓.▓.▓.▓.▓_▓
▓.▓.▓'▓.▓.▓.▓_▓
▓Q▓.▓)▓.▓'▓.▓'▓
▓y▓.▓[▓.▓.▓.▓!▓
▓$▓.▓[▓.▓.▓.▓?▓
▓.▓.▓.▓.▓.▓.▓)▓


You could see 2 spark wasps and a tengu warrior.

Vanquished Creatures
  2 very ugly things (D)
  A dire elephant (D)
  An ogre mage (D)
  5 boulder beetles (D)
  2 orc high priests (D)
  6 orc knights (D)
  3 orc sorcerers (D)
  A deep elf pyromancer (D)
  A cyclops (D)
  An ugly thing (D)
  A manticore (D)
  8 elephants (D)
  A torpor snail (D)
  A gargoyle (D)
  3 cane toads (D)
  2 rime drakes (D)
  2 komodo dragons (D)
  A kobold demonologist (D)
  A meliai (D)
  A wraith (D)
  A wyvern (D)
  2 yaks (D)
  3 water moccasins (D)
  2 acid dragons (D)
  9 orc warriors (D)
  An ogre (D)
  A wolf (D)
  A centaur (D)
  A phantom (D)
  2 bullfrogs (D)
  A killer bee (D)
  A howler monkey (D)
  A hound (D)
  3 orc priests (D)
  2 iguanas (D)
  An orc wizard (D)
  15 orcs (D)
  An endoplasm (D)
  A goblin (D)
  A jackal (D)
  A frilled lizard (D)
  A rat (D)
96 creatures vanquished.

Notes
Turn   | Place    | Note
-------+----------+-------------------------------------------
     0 | D        | Heoruswealwe the Minotaur Fighter began the quest for the
                  | Orb.
     0 | D        | Reached XP level 1. HP: 19/19 MP: 0/0
     7 | D        | Reached skill level 3 in Polearms
    20 | D        | Noticed a phantom
    20 | D        | Noticed an ogre
    20 | D        | Noticed a hound
    20 | D        | Noticed an iguana
    20 | D        | Noticed an iguana
    32 | D        | Killed a phantom
    33 | D        | Reached skill level 7 in Polearms
    33 | D        | Reached XP level 2. HP: 30/30 MP: 1/1
    33 | D        | Reached XP level 3. HP: 37/37 MP: 2/2
    33 | D        | Reached XP level 4. HP: 44/44 MP: 3/3
    35 | D        | Killed an ogre
    36 | D        | Reached skill level 9 in Polearms
    36 | D        | Reached XP level 5. HP: 52/52 MP: 4/4
    59 | D        | Reached skill level 10 in Polearms
    67 | D        | Found a snail-covered altar of Cheibriados.
    67 | D        | Found a shadowy altar of Dithmenos.
    67 | D        | Found a white marble altar of Elyvilon.
    67 | D        | Found a blossoming altar of Fedhas.
    67 | D        | Found an opulent altar of Gozag.
    68 | D        | Found a hazy altar of Hepliaklqana.
    69 | D        | Found a viscous altar of Jiyva.
    70 | D        | Found an ancient bone altar of Kikubaaqudgha.
    71 | D        | Found a corrupted altar of Lugonu.
    72 | D        | Found a burning altar of Makhleb.
    73 | D        | Found a sparkling altar of Nemelex Xobeh.
    74 | D        | Found an iron altar of Okawaru.
    75 | D        | Became a worshipper of Gozag Ym Sagoz the Greedy
    76 | D        | Found a stormy altar of Qazlal.
    77 | D        | Found a sacrificial altar of Ru.
    78 | D        | Found a shimmering blue altar of Sif Muna.
    79 | D        | Found a bloodstained altar of Trog.
    80 | D        | Found a hide-covered altar of Uskayaw.
    81 | D        | Found a radiant altar of Vehumet.
    82 | D        | Found an ornate altar of the Wu Jian Council.
    83 | D        | Found a shimmering altar of Xom.
    84 | D        | Found a basalt altar of Yredelemnul.
    85 | D        | Found a glowing silver altar of Zin.
    86 | D        | Found a glowing golden altar of the Shining One.
   102 | D        | Got the +2 halberd of Biergh {flame, Str+3}
   143 | D        | Noticed an orc warrior
   143 | D        | Noticed a wyvern
   143 | D        | Noticed a kobold demonologist
   143 | D        | Noticed a wraith
   143 | D        | Noticed an acid dragon
   145 | D        | Noticed a ynoxinul
   149 | D        | Killed an orc warrior
   150 | D        | Reached skill level 11 in Polearms
   150 | D        | Reached XP level 6. HP: 46/62 MP: 5/5
   154 | D        | Killed a wyvern
   155 | D        | Reached skill level 12 in Polearms
   164 | D        | Noticed a red devil
   164 | D        | Killed a kobold demonologist
   165 | D        | Reached skill level 10 in Fighting
   165 | D        | Reached skill level 13 in Polearms
   165 | D        | Reached skill level 10 in Armour
   165 | D        | Reached XP level 7. HP: 50/73 MP: 6/6
   166 | D        | Killed a wraith
   167 | D        | Reached skill level 14 in Polearms
   173 | D        | Reached XP level 8. HP: 47/82 MP: 7/7
   277 | D        | Noticed a gargoyle
   277 | D        | Noticed a boulder beetle
   277 | D        | Noticed a boulder beetle
   283 | D        | Killed a gargoyle
   284 | D        | Reached skill level 15 in Polearms
   294 | D        | Killed a boulder beetle
   295 | D        | Reached skill level 16 in Polearms
   295 | D        | Reached XP level 9. HP: 71/92 MP: 8/8
   302 | D        | Killed a boulder beetle
   303 | D        | Reached skill level 17 in Polearms
   306 | D        | Reached skill level 18 in Polearms
   543 | D        | Noticed a boulder beetle
   543 | D        | Noticed a cane toad
   543 | D        | Noticed a cane toad
   552 | D        | Killed a boulder beetle
   555 | D        | Killed a cane toad
   556 | D        | Reached skill level 19 in Polearms
   560 | D        | Reached XP level 10. HP: 77/104 MP: 9/9
   562 | D        | Killed a cane toad
   749 | D        | Noticed an elephant
   749 | D        | Noticed a torpor snail
   749 | D        | Noticed a cane toad
   753 | D        | Killed an elephant
   754 | D        | Reached skill level 15 in Fighting
   754 | D        | Reached skill level 20 in Polearms
   754 | D        | Reached skill level 15 in Armour
   764 | D        | Killed a torpor snail
   768 | D        | Killed a cane toad
   780 | D        | Reached skill level 21 in Polearms
   844 | D        | Noticed an elephant
   844 | D        | Noticed an elephant
   844 | D        | Noticed an elephant
   844 | D        | Noticed an elephant
   844 | D        | Noticed an elephant
   844 | D        | Noticed an elephant
   845 | D        | Noticed a dire elephant
   847 | D        | Killed an elephant
   852 | D        | Killed an elephant
   856 | D        | Killed an elephant
   860 | D        | Killed an elephant
   861 | D        | Reached XP level 11. HP: 108/115 MP: 10/10
   868 | D        | Killed a dire elephant
   869 | D        | Reached skill level 22 in Polearms
  1017 | D        | Noticed an orc knight
  1037 | D        | Killed an orc knight
  1044 | D        | Reached skill level 23 in Polearms
  1230 | D        | Noticed an orc sorcerer
  1231 | D        | Noticed an orc sorcerer
  1234 | D        | Noticed an orc knight
  1237 | D        | Killed an orc sorcerer
  1245 | D        | Killed an orc sorcerer
  1255 | D        | Killed an orc knight
  1443 | D        | Found Naeck's Weapon Emporium.
  1443 | D        | Noticed an orc knight
  1443 | D        | Noticed an orc knight
  1443 | D        | Noticed an orc knight
  1447 | D        | Killed an orc knight
  1449 | D        | Killed an orc knight
  1449 | D        | Noticed an orc high priest
  1450 | D        | Reached skill level 24 in Polearms
  1459 | D        | Killed an orc knight
  1475 | D        | Found Hun Waz's General Store.
  1478 | D        | Killed an orc high priest
  1483 | D        | Found Josiub's Jewellery Emporium.
  1487 | D        | Found Xeravebu's Jewellery Shoppe.
  1490 | D        | Noticed an orc knight
  1491 | D        | Noticed an orc sorcerer
  1493 | D        | Noticed an orc high priest
  1501 | D        | Killed an orc knight
  1502 | D        | Killed an orc sorcerer
  1520 | D        | Killed an orc high priest
  1521 | D        | Reached XP level 12. HP: 91/128 MP: 11/11
  1652 | D        | Bought a scroll of enchant weapon for 105 gold pieces
  1652 | D        | Bought a scroll of vulnerability for 56 gold pieces
  1652 | D        | Bought the +8 halberd of Peace {heavy, Drain Str+6 Int+3
                  | Stlth+} for 984 gold pieces
  1652 | D        | Bought a scroll of identify for 28 gold pieces
  1678 | D        | Bought a glowing demon trident for 594 gold pieces
  1705 | D        | Bought a box of beasts for 560 gold pieces
  1705 | D        | Bought a lightning rod (4/4) for 420 gold pieces
  1705 | D        | Bought a scroll of identify for 28 gold pieces
  1714 | D        | Bought a +2 cloak of preservation for 236 gold pieces
  1714 | D        | Bought a potion of curing for 33 gold pieces
  1714 | D        | Bought a scroll of identify for 22 gold pieces
  1766 | D        | Bought a potion of curing for 81 gold pieces
  1766 | D        | Bought a wooden wand for 108 gold pieces
  1766 | D        | Bought a potion of heal wounds for 135 gold pieces
  1872 | D        | Got the +2 pair of gloves of the Barber Surgeon {rC+}
  1925 | D        | Noticed a boulder beetle
  1925 | D        | Noticed a boulder beetle
  1929 | D        | Killed a boulder beetle
  1930 | D        | Reached skill level 25 in Polearms
  1933 | D        | Noticed a purple very ugly thing
  1937 | D        | Killed a boulder beetle
  1942 | D        | Noticed an ogre mage
  1943 | D        | Noticed a green very ugly thing
  1951 | D        | Killed a green very ugly thing
  1955 | D        | Noticed a spark wasp
  1956 | D        | Noticed a tengu warrior
  1958 | D        | Noticed a spark wasp
  1959 | D        | Killed a green very ugly thing
  1960 | D        | Reached skill level 26 in Polearms
  1963 | D        | Killed an ogre mage
  1968 | D        | HP: 4/130 [tengu warrior/+0 halberd (3)]
  1971 | D        | Slain by a spark wasp

Illustrated notes

Levels and vault maps discovered:
D:        linesprint [early_d, line_temple, items_1, d_10, items_2, lair_1,
          lair_end, items_3, orc_1, orc_end, items_4, d_15, swamp_1, shoals_1,
          snake_1, spider_1, d_20, vaults_1, items_5, swamp_end, shoals_end,
          snake_end, spider_end, vaults_end, d_27, items_6, zot_1, zot_end,
          crypt_end, forest_end, elf_end, slime_end, tomb_end, abyss_end,
          pan_hell_end]

Skill      XL: |  1  2  3  4  5  6  7  8  9 10 11 12 |
---------------+-------------------------------------+-----
Polearms       | 7 9 11 13 14 16 19 21 24 26 | 26.2
Fighting       | 6 7 8 10 11 12 14 16 18 19 | 19.6
Armour         | 6 7 8 10 11 12 14 16 18 19 | 19.6
Shields        | |  3.6

Action                     |  1- 3 |  4- 6 |  7- 9 | 10-12 || total
---------------------------+-------+-------+-------+-------++-------
  Melee: Trident           |    20 |    28 |       |       ||    48
         Headbutt          |     3 |     7 |    14 |    41 ||    65
         Halberd           |       |    19 |    52 |   184 ||   255
         Bardiche          |       |       |       |    51 ||    51
 Invoke: Call Merchant     |       |       |       |     5 ||     5
    Use: Potion            |       |       |       |     8 ||     8
         Scroll            |       |       |       |     2 ||     2
   Stab: Distracted        |       |       |       |     1 ||     1
 Armour: Scale mail        |    10 |     8 |     2 |       ||    20
         Plate armour      |       |       |     7 |    59 ||    66
  Dodge: Dodged            |     4 |    16 |     9 |    57 ||    86
  Block: Buckler           |     2 |     4 |       |       ||     6
